 Dungeon Crawl Stone Soup version 0.28-a0-662-g1651b1f1e0 (webtiles) character file.

Game seed: 10763200230611905017

7 flotson the Sneak (level 1, 0/18 HPs)
             Began as a Demonspawn Delver on Oct 14, 2021.
             Slain by a kobold (2 damage)
             ... in a sewer.
             The game lasted 00:02:17 (720 turns).

flotson the Sneak (Demonspawn Delver)                Turns: 720, Time: 00:02:17

Health: 0/18       AC:  4    Str: 12    XL:     1   Next: 83%
Magic:  1/1        EV: 11    Int: 11    God:
Gold:   22         SH:  0    Dex: 14    Spells: 0/0 levels left

rFire   . . .      SeeInvis .   a - +0 hand axe
rCold   . . .      Faith    .   (no shield)
rNeg    . . .      Spirit   .   b - +0 leather armour
rPois   .          Reflect  .   (no helmet)
rElec   .          Harm     .   (no cloak)
rCorr   .          Rampage  .   i - +0 pair of gloves
Will    .....                   (no boots)
Stlth   ++........              (no amulet)
HPRegen 0.06/turn               (no ring)
MPRegen 0.07/turn               (no ring)

@: no status effects
A: screaming 1
a: no special abilities


You were in a sewer.
You visited 1 branch of the dungeon, and saw 2 of its levels.
You also visited: Sewer.

You collected 22 gold pieces.

Inventory:

Hand Weapons
 a - a +0 hand axe (weapon)
Missiles
 h - an atropa-tipped dart (quivered)
Armour
 b - a +0 leather armour (worn)
 i - a +0 pair of gloves (worn)
Wands
 g - a wand of digging (3)


   Skills:
 + Level 3.1 Fighting
 - Level 1.7 Axes
 + Level 0.4 Throwing
 + Level 0.4 Armour
 + Level 1.9 Dodging
 - Level 4.5 Stealth


You couldn't memorise any spells.
You didn't know any spells.
Your spell library was empty.

Dungeon Overview and Level Annotations

Branches:
Dungeon (5/15)              Sewer (1/1)
 Temple: D:4-7

Altars:


Innate Abilities, Weirdness & Mutations

You occasionally shout uncontrollably at your foes.


Message History

Throw: 2 darts (atropa)
Press: ? - help, Q - select action Shift-Dir - straight line, f/p - kobold
Aim: a kobold, wielding a +0 dagger (51% to hit, chance to blind on hit: 100%)
You throw an atropa-tipped dart. The atropa-tipped dart hits the kobold.
The kobold appears confused.
The kobold wonders, "What am I doing in here?"
The kobold barely misses the kobold.
Unknown command.
It was a potion of curing.
You feel better.
The kobold seems less confused.
The kobold hits you but does no damage.
Unknown command.
As you read the scroll of fog, it crumbles to dust.
The scroll dissolves into smoke.
The kobold hits you with a +0 short sword.
You hit the kobold but do no damage.
The kobold is no longer blind.
The kobold hits you but does no damage.
You barely miss the kobold. The kobold barely misses you.
You closely miss the kobold. You hit the kobold.
The kobold hits you with a +0 dagger. The kobold barely misses you.
You hit the kobold but do no damage. You miss the kobold.
The kobold barely misses you.
The kobold hits you with a +0 short sword.
The kobold closely misses you.
You closely miss the kobold. x2
The kobold hits you with a +0 short sword.
The kobold hits you with a +0 dagger. The kobold barely misses you.
You hit the kobold.
The kobold is moderately wounded.
You barely miss the kobold. The kobold hits you with a +0 dagger.
* * * LOW HITPOINT WARNING * * *
The kobold hits you with a +0 short sword.
* * * LOW HITPOINT WARNING * * *
The kobold barely misses you.
You see here a grey potion.
It was a potion of mutation.
You feel extremely strange.
You feel the urge to shout. The kobold hits you but does no damage.
The kobold closely misses you.
Unknown command.
The kobold hits you with a +0 dagger.
You die...

### ##### #.##..P..
########(.......
#####.@§§#..........
#.∩.#§.KK§........P.
#.∩.#§§§§§..≈≈≈≈....
#..÷#§§§§#.≈≈≈≈≈....
###'########≈≈######
#≈≈÷)≈≈≈≈≈≈≈≈≈≈≈≈≈≈≈
#≈≈≈≈≈≈≈≈≈≈≈≈≈≈≈≈≈≈≈
#≈≈≈≈≈≈≈≈≈≈≈≈≈≈≈≈≈≈≈
#################≈≈≈


You could see 2 kobolds.

Vanquished Creatures
  A dart slug (D:4)
  A hobgoblin (D:4)
  A kobold (Sewer)
  2 rats
5 creatures vanquished.

Vanquished Creatures (others)
  3 plants (Sewer)
3 creatures vanquished.

Grand Total: 8 creatures vanquished

Notes
Turn   | Place    | Note
-------+----------+-------------------------------------------
     0 | D:5      | flotson the Demonspawn Delver began the quest for the Orb.
     0 | D:5      | Reached XP level 1. HP: 18/18 MP: 1/1
    68 | D:4      | Found a glowing drain.
   276 | Sewer    | Entered a sewer
   321 | Sewer    | Noticed a kobold brigand
   719 | Sewer    | Gained mutation: You occasionally shout uncontrollably at
                  | your foes. [potion of mutation]
   720 | Sewer    | Slain by a kobold

Illustrated notes

Levels and vault maps discovered:
D:4:      layout_basic, nicolae_vehumet_radiance, mainiacjoe_overflow_brackets,
          nicolae_qazlal_eye_of_the_storm, cheibrodos_sewer_entry_drain,
          serial_shops, shop, lightli_minifort
D:5:      layout_basic, slow_altar_1, nicolae_overflow_hidden_temple,
          minmay_temple_entry_tees
Sewer:    kennysheep_pipe_town

Action                   || total
-------------------------++-------
Melee: Hand axe          ||    42
Throw: Dart              ||     5
  Use: Scroll            ||     3
       Potion            ||     3
 Stab: Invisible         ||     1
       Sleeping          ||     1
Armor: Leather armour    ||    12
Dodge: Dodged            ||    26

Table legend: (Time is in decaauts)
 A = Elapsed time spent in this place.
 B = Non-inter-level travel time spent in this place.
 C = Inter-level travel time spent in this place.
 D = Time resting spent in this place.
 E = Time spent auto-exploring this place.
 F = Levels seen in this place.
 G = Mean time per level.
                   A        B        C        D        E       F      G
               +--------+--------+--------+--------+--------+-----+--------+
         Total |    738 |    738 |      0 |    506 |     44 |   3 |  246.0 |
       Dungeon |    280 |    280 |      0 |    182 |      0 |   2 |  140.0 |
         Sewer |    457 |    457 |      0 |    324 |     44 |   1 |  457.0 |
               +--------+--------+--------+--------+--------+-----+--------+

Top non-repeatable levels by time:
   Sewer: 457 daAuts
     D:4: 262 daAuts
     D:5: 18 daAuts
